 Dungeon Crawl Stone Soup version 0.17-a0-1210-g1e4f09d (webtiles) character file.

120 Kisielow the Sneak (level 4, -7/30 HPs)
             Began as a Vampire Enchanter on June 4, 2015.
             Killed by divine providence
             ... invoked by an orc priest
              (12 damage)
             ... on level 3 of the Dungeon.
             The game lasted 00:11:33 (3633 turns).

Kisielow the Sneak (Vampire Enchanter)              Turns: 3633, Time: 00:11:33

Health: -7/30      AC:  0    Str:  2    XL:     4   Next: 75%
Magic:  0/7        EV: 20    Int: 18    God:
Gold:   139        SH:  0    Dex: 19    Spells: 3 memorised, 1 level left

rFire  . . .     SeeInvis +     (weapon currently unavailable)
rCold  + + .     Clarity  .     (armour currently unavailable)
rNeg   + + +     SustAt   .     (shield currently unavailable)
rPois  ∞         Gourm    .     (helmet currently unavailable)
rElec  .         Spirit   .     (cloak currently unavailable)
rCorr  +         Warding  .     (gloves currently unavailable)
rMut   .         Stasis   .     (boots currently unavailable)
MR     .....                    k - amulet of resist corrosion
Stlth  ++++......               (ring currently unavailable)
                                (ring currently unavailable)

@: bat-form, flying, bloodless, non-regenerating, very quick, not resistant to
hostile enchantments, stealthy
A: (fangs 0), see invisible, (unbreathing)
a: End Transformation


You were on level 3 of the Dungeon.
You were bloodless.
You were in vampire-bat-form.
You visited 1 branch of the dungeon, and saw 3 of its levels.

You collected 139 gold pieces.

Inventory:

Hand weapons
 a - a +2 dagger (melded)
Armour
 b - a +1 robe (melded)
 m - a +1 pair of gloves (melded)
Jewellery
 k - an amulet of resist corrosion (around neck)
Scrolls
 f - a scroll of magic mapping
 h - a scroll of immolation
 i - a scroll of enchant weapon
 n - a scroll of teleportation
 p - a scroll of blinking
 q - a scroll of remove curse
Potions
 d - 20 potions of blood
 e - a potion of brilliance {unknown}
 g - a potion of mutation {unknown}
 j - 2 potions of might
 l - a potion of agility {unknown}
 o - a potion of magic {unknown}
Books
 c - a book of Maledictions

   Spells                             Type                      Level
   a - Corona                         Hexes                        1
   b - Ensorcelled Hibernation        Hexes/Ice                    2
   c - Confuse                        Hexes                        3
   d - Tukima's Dance                 Hexes                        3
   e - Dazzling Spray                 Conjuration/Hexes            3


   Skills:
 - Level 1.1 Short Blades
 - Level 2.1 Dodging
 + Level 6.6 Stealth
 - Level 2.0 Spellcasting
 + Level 6.2 Hexes
 * Level 1.2 Ice Magic


You had one spell level left.
You knew the following spells:

 Your Spells              Type           Power        Failure   Level  Hunger
a - Corona                Hex            ###....      1%          1    #......
s - Ensorcelled Hibernat  Hex/Ice        ###...       8%          2    ###....
z - Confuse               Hex            ###.....     4%          3    ###....


Dungeon Overview and Level Annotations

Branches:
Dungeon (3/15)

Altars:
Cheibriados
Vehumet


Innate Abilities, Weirdness & Mutations

You do not heal naturally.
You are immune to poison.
((You have razor-sharp teeth.))
You have supernaturally acute eyesight.
((You can survive without breathing.))


Message History

Aim: an orc priest, wielding a trident (chance to defeat MR: 53%)
The orc priest resists with significant effort.
The orc priest's eyes start to glow.
The orc priest hits you with a trident.
The orc shouts! x2
You hit the orc priest.
The orc priest is lightly wounded.
The orc priest calls down the wrath of Beogh upon you.
Something smites you!
* * * LOW HITPOINT WARNING * * *
Use which ability? (? or * to list)
You don't have enough magic at the moment.
The orc priest barely misses you.
Use which ability? (? or * to list)
You turn into a vampire bat.
Your +2 dagger melds into your body.
Your +1 pair of gloves melds into your body.
Your +1 robe melds into your body.
The orc priest mumbles some strange prayers to Beogh against you.
Something smites you!
You die...

............##.....
............##....#
............##..o.#
............##....#######
..%.........##..o.......#
............##.oo..####.#
............####.#.#..#.#
#...........# #.#.#..#.#
#...........####b#.#..#.##.#
.....>.........÷.......>...#
#....)......####.#.#.#######
#...(.......####.#...#
#...................##
####.###+###........# #.#
#.# #........# #
##.###.###........# #
#..'.._..'......<.#


You could see 2 orc priests and 2 orcs.

Vanquished Creatures
  A worker ant (D:3)
  3 adders (D:3)
  An ooze (D:3)
  2 worms
  2 giant geckos (D:2)
  An orc (D:3)
  5 bats
  3 giant cockroaches
  8 hobgoblins
  12 kobolds
  A quokka (D:2)
  5 giant newts
  7 goblins
  A jackal (D:2)
  8 rats
60 creatures vanquished.

Notes
Turn   | Place    | Note
--------------------------------------------------------------
     0 | D:1      | Kisielow the Vampire Enchanter began the quest for the Orb.
     0 | D:1      | Reached XP level 1. HP: 13/13 MP: 3/3
   502 | D:1      | Reached skill level 5 in Stealth
   502 | D:1      | Reached XP level 2. HP: 19/19 MP: 5/5
   507 | D:1      | Learned a level 2 spell: Ensorcelled Hibernation
   777 | D:2      | Reached skill level 5 in Hexes
  1374 | D:2      | Reached XP level 3. HP: 24/24 MP: 2/6
  2709 | D:3      | Reached skill level 6 in Stealth
  2709 | D:3      | Reached XP level 4. HP: 28/30 MP: 4/7
  3255 | D:3      | Learned a level 3 spell: Confuse
  3315 | D:3      | Found a radiant altar of Vehumet.
  3475 | D:3      | Found a snail-covered altar of Cheibriados.
  3567 | D:3      | Reached skill level 1 in Ice Magic
  3633 | D:3      | Killed from afar by an orc priest

Vault maps used:
D:1:      minmay_arrival_arboretum_small
D:2:      minmay_vboxes
D:3:      cheibriados_altar_wand_db, lemuel_doored_altar, minmay_misc_feat_cross

Action                   |  1- 3 |  4- 6 || total
-------------------------+-------+-------++-------
Melee: Dagger            |    84 |    48 ||   132
 Cast: Ensorcelled Hiber |    25 |    11 ||    36
       Corona            |     1 |     1 ||     2
       Confuse           |       |     3 ||     3
 Abil: Bat Form          |       |     1 ||     1
  Use: Scroll            |     5 |     3 ||     8
 Stab: Sleeping          |    23 |     7 ||    30
       Distracted        |     1 |       ||     1
  Eat: Corpse            |     1 |       ||     1
